 Dungeon Crawl Stone Soup version 0.20.0-15-g7f486f2 (webtiles) character file.

96330 NoAnimeNoLife the Bludgeoner (level 16, -3/101 HPs)
             Began as a Gargoyle Fighter on June 17, 2017.
             Was an Initiate of Gozag.
             Killed by Shatter
             ... invoked by Jorgrun
              (104 damage)
             ... on level 2 of the Swamp.
             The game lasted 01:11:17 (34331 turns).

NoAnimeNoLife the Bludgeoner (Gargoyle Fighter)    Turns: 34331, Time: 01:11:47

Health: -3/101     AC: 41    Str: 23    XL:     16   Next: 16%
Magic:  23/23      EV: 19    Int: 10    God:    Gozag
Gold:   789        SH: 15    Dex: 16    Spells: 15/15 levels left

rFire    + + +     SeeInvis +   v - +9 whip of Iconoclasm {freeze, +Blink rF+++}
rCold    + . .     Gourm    .   X - +2 shield
rNeg     + . .     Faith    .   G - +4 scale mail "Gauzad" {*Drain Regen+ Slay+4 SInv}
rPois    ∞         Spirit   .   p - +2 helmet {SInv}
rElec    +         Reflect  .   u - +1 cloak of Starlight {rElec rC+ EV+4 Stlth--}
rCorr    .         Harm     .   (no gloves)
MR       +....                  l - +2 pair of boots {Stlth+}
Stlth    ..........             o - amulet of rage
Regen    0.7/turn               S - ring of Makhleb's Hatred {rF+ Str+4 Dex+2 SInv Stlth+}
MPRegen  0.2/turn               J - +5 ring of protection

@: gold aura
A: big wings, molten scales 1, blurry vision 1, negative energy resistance 1,
electricity resistance, weak 1, unbreathing, petrification resistance, rot
immunity, AC +11
a: Fly, Potion Petition, Call Merchant, Bribe Branch, Renounce Religion, Evoke
Blink, Evoke Berserk Rage


You were on level 2 of the Swamp.
You worshipped Gozag.
Gozag was pleased with you.
You were near starving.

You visited 5 branches of the dungeon, and saw 24 of its levels.
You also visited: Bailey and Volcano.

You collected 9863 gold pieces.
You spent 5678 gold pieces at shops.
You paid 3396 gold pieces to Gozag.

Inventory:

Hand Weapons
 v - the +9 whip of Iconoclasm (weapon) {freeze, +Blink rF+++}
   (You bought it in a shop on level 4 of the Lair of Beasts)

   It has been specially enchanted to freeze those struck by it, causing extra
   injury to most foes and up to half again as much damage against particularly
   susceptible opponents.
   It can also slow down cold-blooded creatures.
   It renders you almost immune to fire.
   It lets you blink.
Missiles
 C - 413 stones (quivered)
Armour
 l - a +2 pair of boots of stealth (worn)
 p - a +2 helmet of see invisible (worn)
 u - the +1 cloak of Starlight (worn) {rElec rC+ EV+4 Stlth--}
   (You bought it in a shop on level 1 of the Orcish Mines)

   It affects your evasion (+4).
   It protects you from cold.
   It insulates you from electricity.
   It makes you much less stealthy.
 E - a +3 plate armour of fire resistance
 G - the +4 scale mail "Gauzad" (worn) {*Drain Regen+ Slay+4 SInv}
   (You bought it in a shop on level 1 of the Orcish Mines)

   It affects your accuracy and damage with ranged weapons and melee attacks
   (+4).
   It lets you see invisible.
   It increases your rate of regeneration.
   It causes draining when unequipped.
 T - a +1 buckler of protection
 X - a +2 shield (worn)
Jewellery
 g - a +3 ring of evasion
 n - an uncursed ring of ice
 o - an amulet of rage (around neck)
 t - an uncursed ring of protection from fire
 D - an uncursed ring of poison resistance
 J - a +5 ring of protection (right hand)
 K - an uncursed amulet of magic regeneration
 L - an uncursed ring of protection from cold
 S - the ring of Makhleb's Hatred (left hand) {rF+ Str+4 Dex+2 SInv Stlth+}
   (You bought it in a shop on level 2 of the Orcish Mines)

   [ring of stealth]

   It affects your strength (+4).
   It affects your dexterity (+2).
   It protects you from fire.
   It lets you see invisible.
   It makes you more stealthy.
Wands
 a - a wand of acid (7/15)
 x - a wand of polymorph (24/24)
 I - a wand of disintegration (17/24)
 M - a wand of random effects (7/48)
 R - a wand of digging (13/24)
Scrolls
 e - 5 scrolls of identify
 j - a scroll of amnesia
 k - 5 scrolls of remove curse
 m - 6 scrolls of enchant weapon
 s - 4 scrolls of teleportation
 y - 4 scrolls of enchant armour
 A - 2 scrolls of silence
 H - 5 scrolls of magic mapping
 N - 3 scrolls of immolation
 O - a scroll of recharging
 U - 2 scrolls of vulnerability
 Z - a scroll of brand weapon
Potions
 b - 2 potions of invisibility
 d - 3 potions of might
 i - 6 potions of curing
 q - 3 potions of brilliance
 w - a potion of cancellation
 z - 3 potions of magic
 B - a potion of agility
 F - 4 potions of flight
 P - 2 potions of haste
 Y - 2 potions of lignification
Miscellaneous
 c - a lamp of fire
Comestibles
 f - 13 bread rations
 h - 5 royal jellies
 r - 2 meat rations
 Q - 22 fruits


   Skills:
 + Level 12.1 Fighting
 + Level 15.9 Maces & Flails
 + Level 11.7 Armour
 + Level 8.9 Dodging
 + Level 11.7 Shields
 + Level 10.0 Evocations


You had 15 spell levels left.
You didn't know any spells.

Dungeon Overview and Level Annotations

Branches:
Dungeon (13/15)            Temple (1/1) D:7            Lair (6/6) D:11
  Swamp (2/4) Lair:3        Snake (0/4) Lair:4        Slime (0/5) Lair:5
    Orc (2/2) D:11            Elf (0/3) Orc:2
 Vaults: D:13-14

Altars:
Ashenzari
Cheibriados
Dithmenos
Fedhas
Gozag
Hepliaklqana
Kikubaaqudgha
Makhleb
Nemelex Xobeh
Okawaru
Qazlal
Ru
Sif Muna
Trog
Uskayaw
Vehumet
Xom
Yredelemnul
The Shining One
Beogh
Jiyva

Shops:
D:4 [   D:7 }   D:8 %   D:9 ?   D:10 =   D:12 [%   Orc:1 [   Orc:2 (=((=
Lair:4 (

Portals:
Trove: D:13 (give +5 demon whip)

Annotations:
Swamp:2 Jorgrun


Innate Abilities, Weirdness & Mutations

You are resistant to torment.
Your stone body is resilient. (AC +11)
You are immune to poison.
Your large and strong wings let you fly indefinitely.
You resist negative energy. (rN+)
You are resistant to electric shocks. (rElec)
You can survive without breathing.
You are immune to petrification.
You are immune to rotting.
You are partially covered in molten scales. (AC +2)
Scrolls take you a little longer to read.
You are weak. (Str -2)


Message History

You whack Jorgrun! You freeze Jorgrun.
Jorgrun is lightly wounded.
Jorgrun splashes around in the water.
You whack Jorgrun! You freeze Jorgrun.
Jorgrun is moderately wounded.
You hit Jorgrun. You freeze Jorgrun.
Jorgrun is moderately wounded.
You hit Jorgrun. You freeze Jorgrun.
Jorgrun is moderately wounded.
Jorgrun closely misses you.
You barely miss Jorgrun.
Jorgrun is moderately wounded.
You closely miss Jorgrun.
Jorgrun is moderately wounded.
Jorgrun gestures wildly while chanting.
The dungeon rumbles around Jorgrun!
You shudder from the earth-shattering force.
Ouch! That really hurt!
You die...
Your body crumbles into a pile of gold.

♣..[≈ ♣≈♣.§..♣♣
♣♣≈♣.≈≈..♣♣
♣≈♣≈.≈≈≈.≈♣♣
♣..≈≈≈≈≈.≈♣♣♣♣♣
♣..≈≈≈≈$....!.♣♣
♣≈≈≈≈≈≈<≈≈≈≈≈≈♣
≈♣..≈≈≈≈≈≈≈≈≈≈≈♣
≈≈≈♣♣.@≈≈≈≈≈≈≈.♣♣
. ♣♣g≈≈≈≈≈..♣♣
≈♣.≈≈≈≈≈<..
♣♣♣♣.≈≈≈≈≈≈.♣
♣≈......♣♣
♣♣≈≈..≈♣♣ ≈≈≈.≈≈
≈≈≈.≈


You could see Jorgrun.

Vanquished Creatures
  An orc warlord (Orc:1)
  A stone giant (Orc:2)
  Nessos (Orc:2)
  Josephine (Lair:4)
  A fire dragon (Lair:6)
  2 ogre magi (Orc:2)
  10 hydras
  Fannar (Orc:1)
  An ice dragon (Lair:3)
  A ghost crab (Swamp:1)
  Erica (D:9)
  2 centaur warriors
  The ghost of baghtru the Cleaver, a novice HOFi of the Shining One (Bailey)
  3 alligators (Swamp:1)
  A death yak (Lair:4)
  12 two-headed ogres
  A tengu warrior (D:13)
  Nergalle (Lair:1)
  2 unseen horrors (D:12)
  2 deep trolls (Orc:2)
  A lindwurm (Lair:6)
  2 orc knights (Orc:1)
  An oklob plant (Lair:6)
  2 manticores
  An orc sorcerer (Volcano)
  2 ugly things
  17 elephants
  4 cyclopes
  9 black mambas
  Maurice (D:9)
  4 molten gargoyles
  A torpor snail (Lair:6)
  A smoke demon (Volcano)
  16 spiny frogs
  3 rime drakes (Lair:6)
  10 komodo dragons
  2 red devils (Volcano)
  13 trolls
  A tyrant leech (Swamp:1)
  6 slime creatures (D:12)
  A polar bear (Lair:6)
  4 hornets
  6 blink frogs (Lair:6)
  9 hippogriffs
  6 dream sheep
  2 vampires
  2 spriggans
  A fire bat (Volcano)
  A shadow (D:13)
  A water elemental (D:11)
  5 wyverns
  5 basilisks
  2 hungry ghosts
  4 wraiths
  45 yaks
  2 steam dragons (Lair:6)
  5 wargs
  4 nagas (Lair:4)
  6 swamp worms (Swamp:1)
  2 soldier ants
  An acid dragon (D:12)
  10 water moccasins
  7 porcupines
  5 hell hounds
  12 ice beasts (D:9)
  29 orc warriors
  2 phantoms
  2 sky beasts
  4 swamp drakes
  A black bear (D:8)
  13 centaurs
  27 ogres
  16 wolves
  16 crocodiles
  7 big kobolds
  12 bullfrogs
  A gnoll sergeant (D:9)
  A water moccasin zombie (D:9)
  2 scorpions
  A water moccasin skeleton (D:9)
  25 wights
  8 killer bees
  A howler monkey (D:10)
  10 electric eels
  9 lava snakes
  5 crimson imps
  A quasit (D:11)
  3 bullfrog zombies
  4 jellies
  13 hounds
  29 orc wizards
  6 centaur skeletons
  13 orc priests
  A bullfrog skeleton (D:13)
  3 iguanas
  A hell rat (Lair:5)
  15 worker ants
  2 hound skeletons
  3 worker ant zombies
  A howler monkey zombie (D:6)
  21 gnolls
  16 adders
  2 shadow imps (D:5)
  2 oozes
  An adder zombie (D:5)
  2 worms
  A dart slug (D:2)
  5 leopard geckos
  122 orcs
  2 ball pythons (D:3)
  4 giant cockroaches
  15 goblins
  8 hobgoblins
  7 jackals
  2 quokkas
  8 bats
  6 frilled lizards
  53 kobolds
  A leopard gecko skeleton (D:4)
  2 quokka skeletons
  2 quokka zombies (D:8)
  6 rats
  5 plants
871 creatures vanquished.

Vanquished Creatures (others)
  2 orcs (Orc:2)
  24 fungi
  38 plants
64 creatures vanquished.

Grand Total: 935 creatures vanquished

Notes
Turn   | Place    | Note
-------+----------+-------------------------------------------
     0 | D:1      | NoAnimeNoLife the Gargoyle Fighter began the quest for the Orb.
     0 | D:1      | Reached XP level 1. HP: 14/14 MP: 1/1
   143 | D:1      | Reached XP level 2. HP: 19/19 MP: 2/2
   349 | D:1      | Reached skill level 3 in Maces & Flails
   403 | D:1      | Reached XP level 3. HP: 19/23 MP: 3/3
   967 | D:2      | Reached skill level 4 in Maces & Flails
  1042 | D:2      | Reached XP level 4. HP: 28/28 MP: 4/4
  1461 | D:2      | Reached XP level 5. HP: 20/32 MP: 5/5
  1464 | D:2      | Reached skill level 5 in Maces & Flails
  2196 | D:3      | Found a sparkling altar of Nemelex Xobeh.
  2461 | D:4      | Reached XP level 6. HP: 37/37 MP: 6/6
  2468 | D:4      | Reached skill level 6 in Maces & Flails
  2513 | D:4      | HP: 1/37 [orc wizard/magic dart (1)]
  2841 | D:4      | Reached skill level 7 in Maces & Flails
  2841 | D:4      | Reached XP level 7. HP: 41/41 MP: 7/7
  3075 | D:4      | Reached skill level 8 in Maces & Flails
  3103 | D:4      | Found Xiahod's Armour Boutique.
  3277 | D:5      | Entered Level 5 of the Dungeon
  3613 | D:5      | Reached XP level 8. HP: 46/46 MP: 8/8
  3650 | D:5      | Reached skill level 9 in Maces & Flails
  4403 | D:5      | Reached skill level 10 in Maces & Flails
  5400 | D:6      | Reached skill level 11 in Maces & Flails
  5700 | D:6      | Found a glowing golden altar of the Shining One.
  5719 | D:6      | Reached XP level 9. HP: 51/51 MP: 9/9
  6202 | D:7      | Found a staircase to the Ecumenical Temple.
  6236 | Temple   | Entered the Ecumenical Temple
  6336 | Temple   | Became a worshipper of Gozag Ym Sagoz the Greedy
  7099 | D:7      | Reached skill level 12 in Maces & Flails
  7515 | D:7      | Found Jong's Gadget Boutique.
  7876 | D:8      | Reached skill level 13 in Maces & Flails
  7876 | D:8      | Reached skill level 1 in Dodging
  7876 | D:8      | Reached skill level 1 in Evocations
  7876 | D:8      | Reached XP level 10. HP: 20/56 MP: 10/10
  8242 | D:8      | Noticed a two-headed ogre
  8257 | D:8      | Killed a two-headed ogre
  8536 | D:8      | Bought a royal jelly for 26 gold pieces
  8536 | D:8      | Bought a royal jelly for 26 gold pieces
  8536 | D:8      | Bought a royal jelly for 26 gold pieces
  8536 | D:8      | Bought a royal jelly for 26 gold pieces
  8536 | D:8      | Bought a meat ration for 65 gold pieces
  9310 | D:9      | Reached skill level 5 in Shields
  9321 | D:9      | Found Woihef's Magic Scroll Emporium.
  9390 | D:9      | Reached skill level 5 in Fighting
  9625 | D:9      | Reached skill level 5 in Armour
  9739 | D:9      | Noticed a two-headed ogre
  9749 | D:9      | Killed a two-headed ogre
  9749 | D:9      | Reached XP level 11. HP: 64/64 MP: 13/13
  9906 | D:9      | Noticed Maurice
  9943 | D:9      | Killed Maurice
 10064 | D:9      | Noticed Erica
 10132 | D:9      | Killed Erica
 12336 | D:10     | Entered Level 10 of the Dungeon
 12336 | D:10     | Noticed a centaur warrior
 12350 | D:10     | Killed a centaur warrior
 12665 | D:10     | Found a basalt altar of Yredelemnul.
 12918 | D:10     | Found a roughly hewn altar of Beogh.
 13397 | D:11     | Found a staircase to the Lair.
 13428 | D:11     | Reached XP level 12. HP: 34/72 MP: 15/15
 13543 | D:11     | Found a flagged portal.
 13555 | Bailey   | Entered a bailey
 13681 | Bailey   | Noticed baghtru's ghost (novice HOFi)
 13729 | Bailey   | Killed baghtru's ghost
 13729 | Bailey   | Reached skill level 5 in Evocations
 14913 | Bailey   | Reached skill level 14 in Maces & Flails
 15355 | D:11     | Found a sacrificial altar of Ru.
 15388 | D:11     | Reached skill level 5 in Dodging
 15737 | D:11     | Found a staircase to the Orcish Mines.
 15939 | D:12     | Found Qogeh's Food Shop.
 15971 | D:12     | Bought a pair of glowing boots for 180 gold pieces
 15971 | D:12     | Bought a spiked scale mail for 216 gold pieces
 15985 | D:12     | Identified the +3 scale mail "Deufya" {Int+3} (You bought it in a shop on level 12 of the Dungeon)
 16140 | D:12     | Noticed an eight-headed hydra
 16777 | D:12     | Killed an eight-headed hydra
 17296 | D:13     | Found a burning altar of Makhleb.
 17296 | D:13     | Noticed a green death
 17342 | D:13     | Found a portal to a secret trove of treasure.
 17627 | D:13     | Reached XP level 13. HP: 68/79 MP: 17/17
 18878 | D:12     | Bought a runed plate armour for 624 gold pieces
 19207 | Lair:1   | Entered Level 1 of the Lair of Beasts
 19602 | Lair:1   | Noticed Nergalle
 19659 | Lair:1   | Killed Nergalle
 20280 | Lair:2   | Found a dark tunnel.
 20293 | Volcano  | Entered a volcano
 20583 | Volcano  | Found a radiant altar of Vehumet.
 21756 | Lair:3   | Found a staircase to the Swamp.
 21884 | Lair:3   | Noticed an ice dragon
 21919 | Lair:3   | Killed an ice dragon
 21924 | Lair:3   | Gained mutation: Your large and strong wings let you fly indefinitely. [Gargoyle growth]
 21924 | Lair:3   | Reached XP level 14. HP: 75/87 MP: 19/19
 22956 | Lair:4   | Found a staircase to the Snake Pit.
 23109 | Lair:4   | Reached skill level 10 in Fighting
 23195 | Lair:4   | Reached skill level 10 in Armour
 23351 | Lair:4   | Noticed Josephine
 23369 | Lair:4   | Killed Josephine
 23809 | Lair:5   | Reached skill level 10 in Shields
 23836 | Lair:5   | Reached skill level 15 in Maces & Flails
 23910 | Lair:5   | Found a sacrificial altar of Ru.
 24030 | Lair:5   | Found a staircase to the Slime Pits.
 24030 | Lair:5   | Found a viscous altar of Jiyva.
 28963 | Lair:4   | Bought the +9 whip of Iconoclasm {freeze, +Blink rF+++} for 1674 gold pieces
 29003 | Lair:4   | Identified a scroll of acquirement
 29089 | Lair:6   | Entered Level 6 of the Lair of Beasts
 29564 | Lair:6   | Found a large runed door.
 29620 | Lair:6   | Reached XP level 15. HP: 93/93 MP: 21/21
 29705 | Lair:6   | Found a large runed door.
 30405 | Lair:6   | Gained mutation: Scrolls take you a little longer to read. [potion of mutation]
 30405 | Lair:6   | Gained mutation: You are weak. (Str -2) [potion of mutation]
 30405 | Lair:6   | Gained mutation: You are partially covered in molten scales. (AC +2) [potion of mutation]
 30416 | Lair:6   | Found a blossoming altar of Fedhas.
 31543 | Orc:1    | Entered Level 1 of the Orcish Mines
 31887 | Orc:1    | Found a roughly hewn altar of Beogh.
 31936 | Orc:1    | Noticed Fannar
 31973 | Orc:1    | Killed Fannar
 31981 | Orc:1    | Found Ufeofiso's Armour Shop.
 31993 | Orc:1    | Bought the +1 cloak of Starlight {rElec rC+ EV+4 Stlth--} for 667 gold pieces
 31993 | Orc:1    | Bought the +4 scale mail "Gauzad" {*Drain Regen+ Slay+4 SInv} for 696 gold pieces
 32105 | Orc:1    | Noticed an orc warlord
 32139 | Orc:1    | Killed an orc warlord
 32479 | Orc:2    | Entered Level 2 of the Orcish Mines
 32679 | Orc:2    | Found Juthroc's Jewellery Shop.
 32767 | Orc:2    | Found Latwed's Weapon Boutique.
 32872 | Orc:2    | Found Iwoas's Antique Weapon Emporium.
 32878 | Orc:2    | Found Seratt's Antique Weapon Boutique.
 32900 | Orc:2    | Bought a +5 ring of protection for 825 gold pieces
 32957 | Orc:2    | Found a staircase to the Elven Halls.
 33003 | Orc:2    | Found Asopiz's Jewellery Shoppe.
 33006 | Orc:2    | Noticed Nessos
 33024 | Orc:2    | Killed Nessos
 33024 | Orc:2    | Reached skill level 10 in Evocations
 33024 | Orc:2    | Reached XP level 16. HP: 96/101 MP: 23/23
 33161 | Orc:2    | Bought the ring of Makhleb's Hatred {rF+ Str+4 Dex+2 SInv Stlth+} for 627 gold pieces
 33535 | Swamp:1  | Entered Level 1 of the Swamp
 34314 | Swamp:2  | Noticed Jorgrun
 34331 | Swamp:2  | Killed from afar by Jorgrun

Skill      XL: |  1  2  3  4  5  6  7  8  9 10 11 12 13 14 15 |
---------------+----------------------------------------------+-----
Maces & Flails | 3 4 5 7 8 11 13 14 15 | 15.9
Dodging        | 1 3 4 5 6 7 8 |  8.9
Evocations     | 1 3 4 6 7 8 10 | 10.0
Armour         | 5 7 8 9 10 11 | 11.7
Fighting       | 5 7 8 9 10 12 | 12.1
Shields        | 5 7 8 9 10 11 | 11.7

Action                   |  1- 3 |  4- 6 |  7- 9 | 10-12 | 13-15 | 16-18 || total
-------------------------+-------+-------+-------+-------+-------+-------++-------
Melee: Flail             |   118 |   224 |   362 |  1019 |  1258 |       ||  2981
       Whip              |       |       |   633 |   372 |   991 |   150 ||  2146
Throw: Stone             |       |       |       |   342 |     9 |       ||   351
       Throwing net      |       |       |       |     1 |       |       ||     1
Invok: Call Merchant     |       |       |       |     3 |     1 |       ||     4
       Potion Petition   |       |       |       |     1 |     1 |       ||     2
 Abil: Evoke Berserk Rag |       |       |     1 |     8 |     5 |       ||    14
Evoke: Wand              |       |       |       |    18 |     5 |       ||    23
       Phantom mirror    |       |       |       |     1 |       |       ||     1
  Use: Potion            |       |     2 |     1 |     6 |     5 |       ||    14
       Scroll            |       |       |     2 |    22 |    11 |       ||    35
 Stab: Distracted        |       |       |       |     7 |    14 |     1 ||    22
  Eat: Chunk             |       |     7 |    10 |       |       |       ||    17
       Royal jelly       |       |       |     2 |     7 |     7 |     2 ||    18
       Bread ration      |       |       |     1 |     1 |     1 |       ||     3
       Meat ration       |       |       |       |     5 |     6 |       ||    11
       Fruit             |       |       |       |       |     6 |       ||     6
Armor: Scale mail        |    66 |    71 |       |   169 |    87 |    43 ||   436
       Plate armour      |       |    70 |   503 |   404 |   627 |       ||  1604
       Skin              |       |    13 |       |    62 |       |       ||    75
Dodge: Dodged            |    44 |    69 |    74 |   126 |   510 |    59 ||   882
Block: Shield            |    65 |   137 |   244 |       |   807 |    44 ||  1297
       Large shield      |       |       |   253 |  1006 |   439 |       ||  1698
       Buckler           |       |       |       |       |       |    16 ||    16
